 Dungeon Crawl Stone Soup version 0.31.0-12-g77e489cdc1 (webtiles) character file.

Game seed: 8392504260047960800

3148 monsoonserge the Thaumaturge (level 10, -5/61 HPs)
             Began as a Djinni Fire Elementalist on Feb 20, 2024.
             Was a Believer of Elyvilon.
             Slain by a vault guard
             ... wielding a +0 broad axe
              (17 damage)
             ... in a bailey.
             The game lasted 00:20:02 (5595 turns).

monsoonserge the Thaumaturge (DjFE)                 Turns: 5595, Time: 00:20:04

Health: -5/61      AC:  8    Str:  7    XL:     10   Next: 15%
Gold:   248        EV: 17    Int: 21    God:    Elyvilon [**....] SH:  0 Dex: 14

rFire   + + +        i - +2 short sword (venom)
rCold   . . .        (no shield)
rNeg    . . .        v - +1 leather armour {Will+}
rPois   ∞            (no helmet)
rElec   .            m - scarf {rC+ rF+}
rCorr   .            (no gloves)
SInv    .            (boots unavailable)
Will    ++...        (no amulet)
Stlth   ++           y - +5 ring of evasion
HPRegen 0.30/turn    p - +4 ring of protection
MPRegen 0.00/turn

%: infuse magic (-6 HP)
@: flying
A: sickness immunity, fire resistance 2, cold vulnerability 1, float, innate
caster, HP casting, extra vitality 1
a: Renounce Religion, Purification, Heal Other


You were in a bailey.
You worshipped Elyvilon.
Elyvilon was pleased with you.
You visited 2 branches of the dungeon, and saw 8 of its levels.
You also visited: Bailey.

You collected 344 gold pieces.
You spent 96 gold pieces at shops.

Inventory:

Hand Weapons
 i - a +2 short sword of venom (weapon)
 l - a +2 heavy hand axe
 A - a +2 dagger of speed
Missiles
 z - 14 poisoned darts (quivered)
 B - 5 boomerangs
Armour
 m - a scarf of resistance (worn)
 v - a +1 leather armour of willpower (worn)
Jewellery
 o - the ring "Biudef" {Fly rCorr}
   (You found it on level 2 of the Dungeon)

   [ring of flight]

   Fly:       It grants you flight.
   rCorr:     It protects you from acid and corrosion.
 p - a +4 ring of protection (right hand)
 y - a +5 ring of evasion (left hand)
Wands
 x - a wand of charming (9)
Scrolls
 b - 2 scrolls of blinking {unknown}
 c - 3 scrolls of fear {unknown}
 e - 2 scrolls of enchant armour {unknown}
 h - 3 scrolls of teleportation {unknown}
 j - a scroll of brand weapon {unknown}
 k - 4 scrolls of identify {unknown}
 q - a scroll of revelation {unknown}
 u - 2 scrolls of noise {unknown}
 w - a scroll of silence {unknown}
Potions
 a - 2 potions of attraction {unknown}
 d - 3 potions of heal wounds
 f - a potion of cancellation {unknown}
 g - a potion of ambrosia {unknown}
 n - 2 potions of invisibility {unknown}
 r - 3 potions of curing
 s - a potion of berserk rage {unknown}
 t - a potion of might {unknown}


   Skills:
 + Level 0.5 Fighting
 + Level 0.1 Short Blades
 + Level 2.9 Armour
 + Level 3.2 Dodging
 - Level 2.0 Stealth
 * Level 9.4 Spellcasting
 * Level 9.4 Conjurations
 * Level 9.4 Hexes
 * Level 9.4 Summonings
 * Level 9.4 Necromancy
 * Level 9.4 Translocations
 * Level 9.4 Fire Magic
 * Level 9.4 Ice Magic
 * Level 9.4 Air Magic
 * Level 9.4 Earth Magic
 * Level 9.4 Alchemy
 * Level 6.1 Invocations


You knew the following spells:

 Your Spells              Type           Power      Damage    Failure   Level
a - Foxfire               Conj/Fire      100%       2x1d9     1%          1
b - Scorch                Fire           98%        2d9       1%          2
c - Volatile Blastmotes   Fire/Tloc      98%        2d18      1%          3
d - Inner Flame           Hex/Fire       49%        N/A       1%          3
e - Flame Wave            Conj/Fire      49%        2d12      1%          4
f - Magic Dart            Conj           100%       1d8       1%          1
g - Static Discharge      Conj/Air       98%        3-8/arc   1%          2
h - Jinxbite              Hex            98%        N/A       1%          2
i - Dimensional Bullseye  Hex/Tloc       24%        N/A       1%          4
Your spell library was empty.

Dungeon Overview and Level Annotations

Branches:
Dungeon (7/15)             Temple (1/1) D:6          Bailey (1/1)

Altars:
Ashenzari
Dithmenos
Elyvilon
Fedhas
Hepliaklqana
Makhleb
Nemelex Xobeh
Okawaru
Qazlal
Ru
Wu Jian
Xom
Yredelemnul
Zin

Shops:
D:3 !

Annotations:
D:2 Robin


Innate Abilities, Weirdness & Mutations

You are immune to sickness and miasma.
You are immune to poison.
Your flesh is very heat resistant. (rF++)
You are vulnerable to cold. (rC-)
You float through the air rather than walking.
You learn spells naturally, not from books.
Your magical power is your life essence.
You have superior vitality. (+4 MHP)


Message History

A cloud of volatile blastmotes flares up around you!
Run!
The cloud of blastmotes explodes!
The concussive blast engulfs the vault guard!!
The vault guard is moderately wounded.
Casting: Volatile Blastmotes (safe; 1% risk of failure)
Confirm with . or Enter, or press ? or * to list all spells.
Flames lash the vault guard but do no damage.
Casting: Scorch (safe; 1% risk of failure)
Confirm with . or Enter, or press ? or * to list all spells.
A cloud of volatile blastmotes flares up around you!
Run!
The cloud of blastmotes explodes!
The concussive blast engulfs the vault guard!!
The vault guard is heavily wounded.
The concussive blast engulfs you! You resist.
You are knocked back by the blast.
You hear a loud, deep croak!
You hear a shout!
Casting: Volatile Blastmotes (safe; 1% risk of failure)
Confirm with . or Enter, or press ? or * to list all spells.
Flames lash the vault guard.
The vault guard is severely wounded.
The vault guard's fire resistance burns away.
Casting: Scorch (safe; 1% risk of failure)
Confirm with . or Enter, or press ? or * to list all spells.
Flames lash the vault guard.
The vault guard is burned terribly!
The vault guard is severely wounded.
The vault guard hits you with a +0 broad axe!!
Casting: Scorch (safe; 1% risk of failure)
Confirm with . or Enter, or press ? or * to list all spells.
Flames lash the vault guard.
The vault guard is burned terribly!
The vault guard is almost dead.
* * * LOW HITPOINT WARNING * * *
The vault guard hits you with a +0 broad axe.
* * * LOW HITPOINT WARNING * * *
Casting: Scorch (safe; 1% risk of failure)
Confirm with . or Enter, or press ? or * to list all spells.
Flames lash the vault guard.
The vault guard is burned terribly!
The vault guard is almost dead.
* * * LOW HITPOINT WARNING * * *
The vault guard hits you with a +0 broad axe!
You die...

##~.≈#..~~# ##~~.≈#
...~# #~~~.≈## ...#
##~.§~≈###?!#########
##.~~~≈≈####≈≈#....##
#...~~~≈≈≈≈~[#†....##
+......~~~~.)'[.#...#
#...p.......)#†.#...#
#....@.~~~≈≈≈#..##..#
#~.~~....~≈#######...#
#≈~~~~~~~~~≈##.......###
##≈~~~~~~~~~≈#....[.##..
##≈≈~~~~~≈≈##'#....[..∩
###≈≈≈≈≈###..######[).
#######....##~~~†..∩
#......#~~~~##..
##.....'~~~~~###


You could see a vault guard (combustible).

Vanquished Creatures
  Grinder (D:6)
  A wraith (D:6)
  3 humans (Bailey)
  A yak (D:6)
  2 black bears (D:6)
  An ice beast (D:5)
  A sky beast (D:6)
  An ogre (D:6)
  A centaur (D:6)
  A kobold brigand (D:7)
  13 bullfrogs
  3 scorpions
  A howler monkey (D:5)
  A bombardier beetle (D:4)
  7 hounds
  A jelly (D:5)
  An orc priest (D:5)
  A gnoll bouda (D:6)
  An iguana (D:5)
  6 gnolls
  5 adders
  2 white imps (D:6)
  A dart slug (D:4)
  2 ribbon worms
  9 orcs
  6 ball pythons
  8 bats
  9 endoplasms
  7 giant cockroaches
  15 goblins
  10 hobgoblins
  3 jackals (D:3)
  3 quokkas
  4 frilled lizards
  18 kobolds
  A rat (D:1)
151 creatures vanquished.

Vanquished Creatures (others)
  A quokka (D:5)
  340 foxfires
341 creatures vanquished.

Grand Total: 492 creatures vanquished

Notes
Turn   | Place    | Note
-------+----------+-------------------------------------------
     0 | D:1      | monsoonserge the Djinni Fire Elementalist began the quest
                  | for the Orb.
     0 | D:1      | monsoonserge set off with the following spells memorised:
                  | Foxfire, Scorch, Volatile Blastmotes, Inner Flame, Flame
                  | Wave.
     0 | D:1      | Reached XP level 1. HP: 15/15 MP: 0/0
    51 | D:1      | Found a faded altar of an unknown god.
    95 | D:1      | Reached XP level 2. HP: 19/21 MP: 0/0
   190 | D:1      | Reached XP level 3. HP: 16/25 MP: 0/0
   190 | D:1      | Learned a level 1 spell: Magic Dart
   783 | D:2      | Noticed Robin
   910 | D:3      | Found Laihomahuask's Distillery.
   930 | D:3      | Reached skill level 1 in Armour
   930 | D:3      | Reached XP level 4. HP: 16/31 MP: 0/0
  1473 | D:2      | Identified the ring "Biudef" {Fly rCorr}
  1712 | D:3      | Reached XP level 5. HP: 32/35 MP: 0/0
  1712 | D:3      | Learned a level 2 spell: Static Discharge
  1779 | D:3      | Found a faded altar of an unknown god.
  1783 | D:3      | Found a hazy altar of Hepliaklqana.
  2115 | D:3      | Bought a potion of curing for 36 gold pieces
  2115 | D:3      | Bought a potion of heal wounds for 60 gold pieces
  2254 | D:4      | Identified the +3 plate armour of Loss {Slay+6}
  2328 | D:4      | Reached XP level 6. HP: 34/40 MP: 0/0
  2932 | D:5      | Entered Level 5 of the Dungeon
  2985 | D:5      | Found a white marble altar of Elyvilon.
  3008 | D:5      | Became a worshipper of Elyvilon the Healer
  3009 | D:5      | Noticed an ice beast
  3014 | D:5      | Killed an ice beast
  3015 | D:5      | Reached skill level 5 in Spellcasting
  3015 | D:5      | Reached skill level 5 in Conjurations
  3015 | D:5      | Reached skill level 5 in Hexes
  3015 | D:5      | Reached skill level 5 in Summonings
  3015 | D:5      | Reached skill level 5 in Necromancy
  3015 | D:5      | Reached skill level 5 in Translocations
  3015 | D:5      | Reached skill level 5 in Fire Magic
  3015 | D:5      | Reached skill level 5 in Ice Magic
  3015 | D:5      | Reached skill level 5 in Air Magic
  3015 | D:5      | Reached skill level 5 in Earth Magic
  3015 | D:5      | Reached skill level 5 in Alchemy
  3080 | D:5      | Found a shimmering altar of Xom.
  3241 | D:5      | Reached XP level 7. HP: 28/45 MP: 0/0
  3241 | D:5      | Learned a level 2 spell: Jinxbite
  4097 | D:6      | Reached * piety under Elyvilon
  4119 | D:6      | Noticed Grinder
  4125 | D:6      | Paralysed by Grinder for 3 turns
  4129 | D:6      | Killed Grinder
  4130 | D:6      | Reached XP level 8. HP: 17/50 MP: 0/0
  4775 | D:6      | Reached XP level 9. HP: 51/56 MP: 0/0
  4775 | D:6      | Learned a level 4 spell: Dimensional Bullseye
  4794 | D:6      | Found a staircase to the Ecumenical Temple.
  4803 | Temple   | Entered the Ecumenical Temple
  4813 | D:6      | Reached ** piety under Elyvilon
  5042 | D:6      | Noticed a komodo dragon
  5175 | D:7      | Found a flagged portal.
  5278 | Bailey   | Entered a bailey
  5410 | Bailey   | Reached skill level 5 in Invocations
  5415 | Bailey   | Reached XP level 10. HP: 48/61 MP: 0/0
  5578 | Bailey   | Noticed a vault guard
  5595 | Bailey   | Slain by a vault guard

Illustrated notes

Levels and vault maps discovered:
D:1:      wander_arrival_peaceful_grave, layout_rooms,
          hellmonk_ecumenical_altar_inner_sanctum
D:2:      layout_basic, chequers_decorated_corner, uniq_robin
D:3:      layout_loops_cross, nicolae_overflow_ecumenical_swirl, serial_shops,
          shop_coins
D:4:      layout_basic, led_sif_pool, kennysheep_nub
D:5:      layout_loops_corners, overflow_temple_1_default, elyvilon_altar_4
D:6:      minmay_cornered_nines, layout_loops_ring,
          minmay_temple_entry_gardened_gates, st_stairs_2, nrook_campfire,
          kennysheep_diamond, uniq_grinder
D:7:      layout_basic, enter_bailey_7, serial_bayou_crossing
Temple:   nicolae_temple_figure_eight
Bailey:   bailey_axe_froggy_fort_hellmonk, bailey

Skill      XL: |  1  2  3  4  5  6  7  8  9 10 |
---------------+-------------------------------+-----
Stealth        | 2 |  2.0
Armour         | 1 2 |  2.9
Spellcasting   | 4 5 6 7 9 |  9.4
Conjurations   | 4 5 6 7 9 |  9.4
Hexes          | 4 5 6 7 9 |  9.4
Summonings     | 4 5 6 7 9 |  9.4
Necromancy     | 4 5 6 7 9 |  9.4
Translocations | 4 5 6 7 9 |  9.4
Fire Magic     | 4 5 6 7 9 |  9.4
Ice Magic      | 4 5 6 7 9 |  9.4
Air Magic      | 4 5 6 7 9 |  9.4
Earth Magic    | 4 5 6 7 9 |  9.4
Alchemy        | 4 5 6 7 9 |  9.4
Dodging        | 3 |  3.2
Invocations    | 2 5 6 |  6.1
Fighting       | |  0.5
Short Blades   | |  0.1

Action                     |  1- 3 |  4- 6 |  7- 9 | 10-12 || total
---------------------------+-------+-------+-------+-------++-------
  Melee: Short sword       |     2 |       |       |       ||     2
   Cast: Foxfire           |    41 |   100 |    48 |     5 ||   194
         Scorch            |    15 |    21 |    39 |     9 ||    84
         Volatile Blastmot |       |       |    25 |     4 ||    29
         Static Discharge  |       |       |     1 |       ||     1
         Flame Wave        |       |       |     4 |     1 ||     5
    Use: Potion            |       |       |     1 |       ||     1
 Armour: Robe              |     2 |       |       |       ||     2
         Leather armour    |    10 |     1 |    19 |     6 ||    36
  Dodge: Dodged            |    19 |     1 |    22 |     3 ||    45
